 Dungeon Crawl Stone Soup version 0.13-a0-2355-g3ca5c6e (webtiles) character file.

213695 JacquesDerrida the Sharpshooter (level 20, 0/112 HPs)
             Began as a Kobold Hunter on July 9, 2013.
             Was the Champion of Nemelex Xobeh.
             Shot with an arrow of flame by a vault warden (10 damage)
             ... on Level 4 of the Vaults on July 12, 2013.
             The game lasted 06:05:01 (60115 turns).

JacquesDerrida the Sharpshooter (Kobold Hunter)    Turns: 60115, Time: 06:05:01

HP   0/112       AC 21     Str 21      XL: 20   Next:  7%
MP  38/38        EV 27     Int 13 (15) God: Nemelex Xobeh [******]
Gold 2187        SH  0     Dex 19      Spells:  6 memorised, 33 levels left

Res.Fire  : . . .   See Invis. : +   b - +5 crossbow
Res.Cold  : + . .   Warding    : .   d - +0 mottled dragon armour
Life Prot.: . . .   Conserve   : +   (no shield)
Res.Poison: .       Res.Corr.  : +   y - +2 helmet {SInv}
Res.Elec. : .       Clarity    : +   N - +2 elf cloak {rCorr, Cons}
Sust.Abil.: . .     Spirit.Shd : .   z - +2 pair of gauntlets {Str+3}
Res.Mut.  : .       Stasis     : .   M - +2 pair of boots {Stlth+}
Res.Rott. : .       Flight     : .   F - amulet of clarity
Saprovore : + + .                    T - +3 ring of dexterity
                                     X - ring of the Octopus King {rC+ AC+1 EV+1 St

@: about to teleport, quite resistant to hostile enchantments, extraordinarily
stealthy
A: disease resistance, carnivore 3, saprovore 2, Str +1
a: Draw One, Peek at Two, Triple Draw, Deal Four, Stack Five, Renounce Religion


You were on level 4 of the Vaults.
You worshipped Nemelex Xobeh.
Nemelex Xobeh was exalted by your worship.
You were very full.

You visited 6 branches of the dungeon, and saw 41 of its levels.
You visited 2 bazaars.
You also visited: Trove.

You collected 3375 gold pieces.
You spent 1208 gold pieces at shops.

Inventory:

Hand weapons
 a - the +7,+9 sabre "Caklain" {venom, Dex+1}
   (You found it on level 6 of the Lair of Beasts)

   It poisons the flesh of those it strikes.
   It affects your dexterity (+1).
 b - a +5,+5 crossbow (weapon)
 S - a +1,+5 demon blade of flaming
Missiles
 c - 324 bolts (quivered)
 g - 37 bolts of flame
 A - 19 bolts of penetration
 I - 20 bolts of frost
Armour
 d - a +0 mottled dragon armour (worn)
 y - a +2 helmet of see invisible (worn)
 z - a +2 pair of gauntlets of strength (worn)
 M - a +2 pair of boots of stealth (worn)
 N - a +2 elven cloak of preservation (worn)
Magical devices
 j - a wand of invisibility (1)
 s - a wand of digging (14)
 w - a wand of teleportation (4)
 H - a wand of hasting (1)
 P - a wand of heal wounds (0)
Comestibles
 D - a bread ration
 U - a meat ration
Scrolls
 i - 9 scrolls of remove curse
 l - 9 scrolls of teleportation
 q - a scroll of magic mapping
 t - 3 scrolls of identify
 R - a scroll of enchant armour
Jewellery
 u - a +3 ring of evasion
 x - an uncursed ring of invisibility
 F - an amulet of clarity (around neck)
 K - an uncursed amulet of resist mutation
 T - a +3 ring of dexterity (right hand)
 X - a ring of the Octopus King (left hand) {rC+ AC+1 EV+1 Str+1 Dex+1 Int+1}
   (You found it in a treasure trove)

   [ring of protection from cold]

   It affects your AC (+1).
   It affects your evasion (+1).
   It affects your strength (+1).
   It affects your intelligence (+1).
   It affects your dexterity (+1).
Potions
 p - 3 potions of restore abilities
 E - 2 potions of magic
Books
 V - a book of the Sky

   Spells                             Type                      Level
   *Flight                            Charms/Air                   3
   Airstrike                          Air                          4
   Silence                            Hexes/Air                    5
   Deflect Missiles                   Charms/Air                   6
   Conjure Ball Lightning             Conjuration/Air              7
   Tornado                            Air                          9
 W - a book of Enchantments

   Spells                             Type                      Level
   Cause Fear                         Hexes                        4
   Silence                            Hexes/Air                    5
   Tukima's Dance                     Hexes                        5
   Deflect Missiles                   Charms/Air                   6
   Haste                              Charms                       6
Miscellaneous
 e - an ornate deck of escape
 f - a legendary deck of destruction {drawn: 3}
 k - an ornate deck of summonings {drawn: 11}
 m - an ornate deck of escape {drawn: 1}
 n - a stone of tremors
 o - the horn of Geryon
 r - an ornate deck of summonings {drawn: 1}
 v - a stone of tremors
 C - an ornate deck of war {drawn: 1}
 G - a lamp of fire
 J - a legendary deck of summonings {drawn: 4}
 L - an ornate deck of destruction {drawn: 2}
 O - a phial of floods
 Q - a plain deck of destruction
 Y - an ornate deck of summonings {drawn: 2}
 Z - a legendary deck of destruction {drawn: 6}
Rods
 B - a +0 rod of warding (14/14)
   (You found it on level 3 of the Lair of Beasts)


   Skills:
 - Level 8.0 Fighting
 - Level 11.1 Short Blades
 - Level 7.1 Long Blades
   Level 0.1 Axes
 + Level 20.0 Crossbows
 - Level 4.5 Armour
 - Level 13.5 Dodging
 - Level 14.5 Stealth
 - Level 13.7 Spellcasting
 - Level 10.1 Charms
 - Level 14.2 Evocations


You had 33 spell levels left.
You knew the following spells:

 Your Spells              Type           Power        Failure   Level  Hunger
a - Poison Weapon         Chrm/Pois      ###.......   2%          3    None
b - Lethal Infusion       Chrm/Necr      ###.......   1%          2    None
c - Blink                 Tloc           N/A          14%         2    None
d - Apportation           Tloc           #.........   10%         1    None
e - Portal Projectile     Tloc           #.....       14%         2    None
f - Flight                Chrm/Air       ###.......   2%          3    None


Dungeon Overview and Level Annotations

Branches:
Dungeon (23/27)            Temple (1/1) D:4             Orc (4/4) D:10
    Elf (0/3) Orc:4          Lair (8/8) D:13          Swamp (0/5) Lair:6
 Spider (0/5) Lair:6        Slime (0/6) Lair:6       Vaults (4/5) D:20
  Crypt (0/5) Vaults:2
  Blade: Vaults:3-4     Dis: Hell:1         Geh: Hell:1         Coc: Hell:1
    Tar: Hell:1

Altars:
Ashenzari
Cheibriados
Elyvilon
Fedhas
Kikubaaqudgha
Makhleb
Nemelex Xobeh
Okawaru
Sif Muna
Trog
Vehumet
Xom
Yredelemnul
Zin
the Shining One
Jiyva

Shops:
D:4: } D:6: = D:8: * D:10: + D:11: ( D:20: ! Orc:3: [ Orc:4: [+[[[ Vaults:1: } Vaults:2: *

Portals:
Hell: D:22 D:23

Annotations
D:12 exclusion: oklob plant
D:16 Agnes
D:18 exclusion: Roxanne, Roxanne
Lair:3 exclusion: oklob plant
Vaults:4 exclusion: door, Boris


Innate Abilities, Weirdness & Mutations

You recuperate from illness quickly.
You are small and have problems with some larger weapons.
You are carnivorous and can eat meat at any time.
You can eat rotten meat.
Your muscles are strong (Str +1).


Message History

The vault warden is heavily wounded.
You feel clumsy.
The +7,+9 sabre "Caklain" {venom, Dex+1} stops dripping with poison.
b - a +5,+5 crossbow (weapon)
The vault warden barely misses you.
Read which item? (? for menu, Esc to quit)
As you read the scroll of teleportation, it crumbles to dust.
You feel strangely unstable.
An ironbrand convoker comes into view. It is wielding a great mace.
Unknown command.
The vault warden unwields an uncursed great mace.
The vault warden wields an uncursed bow of flame.
It bursts into flame!
The vault warden shoots an arrow of flame.
The arrow of flame hits you!
* * * LOW HITPOINT WARNING * * *
The vault warden shoots an arrow of flame.
The arrow of flame hits you!
You die...
Your body glows with a rainbow of weird colours and disappears.

### .##@y #.@ #ZH#
#..##cZ# #o.##@.#
######### #Z.# .#
#.......# ##@######
#.......# #...(...#
#.......# #.......#
#..[....# #(...@..#
#.......# #.......#
#.......# #.......#
#.......# #.......#
#.......# #.......#
#......(#
#######+#####'########
.......................
......................
...........^..........


You could see a vault warden and a deep troll skeleton.

Vanquished Creatures
  Saint Roka (Vaults:3)
  Geryon (Hell)
  Frederick (Vaults:3)
  Nikola (Vaults:1)
  A tengu reaver (Vaults:1)
  Frances (D:19)
  A fire giant (Vaults:3)
  A frost giant (Vaults:3)
  Donald (Vaults:1)
  Wiglaf (Vaults:3)
  6 vault wardens
  The ghost of throttle the Sharpshooter, a mighty DjBe of Trog (D:17)
  Aizul (D:14)
  Jorgrun (Vaults:1)
  3 stone giants
  A deep elf demonologist (Vaults:1)
  The ghost of M4edhros the Imperceptible, a powerful OpAr of Fedhas (Orc:4)
  An ettin (Vaults:3)
  Snorg (D:16)
  2 dragons
  11 yaktaur captains
  17 vault guards
  Fannar (Lair:5)
  3 great orbs of eyes
  Harold (D:10)
  Josephine (D:14)
  4 ironheart preservers
  Nessos (Orc:4)
  Erica (D:13)
  12 hydras
  8 death yaks
  5 ogre magi
  The ghost of Poody the Bludgeoner, an experienced MiFi of the Shining One (D:10)
  3 orc high priests (Orc:4)
  2 rakshasas
  A sun demon (D:23)
  Urug (D:15)
  18 centaur warriors
  A soul eater (D:19)
  A storm dragon zombie (Vaults:1)
  2 unseen horrors
  5 deep elf knights
  A water nymph (shapeshifter) (Vaults:3)
  An iron troll (Vaults:1)
  3 flayed ghosts
  9 ironbrand convokers
  Erolcha (Orc:3)
  2 giant amoebae (D:19)
  An ice statue (Lair:1)
  22 orc knights
  12 hill giants
  A cyclops (shapeshifter) (Vaults:2)
  4 orc sorcerers
  A fire giant zombie (Vaults:2)
  4 wolf spiders
  2 necromancers
  A phantasmal warrior (Vaults:2)
  3 spiny worms
  10 cyclopes
  4 black mambas
  A frost giant skeleton (Vaults:3)
  3 griffons
  5 vault sentinels
  A fire giant skeleton (D:20)
  Maurice (D:8)
  6 spiny frogs
  4 stone giant skeletons
  4 elephants (Lair:8)
  A feature mimic (D:7)
  25 yaktaurs
  2 item mimics
  A vapour (Vaults:3)
  A fire elemental (Hell)
  A yaktaur (shapeshifter) (Vaults:3)
  5 fire drakes
  A red devil (D:19)
  A spriggan (D:13)
  2 hydra zombies
  14 komodo dragons
  A harpy zombie (D:20)
  A jumping spider (Vaults:4)
  An iron troll skeleton (D:23)
  A hydra skeleton (D:14)
  A trapdoor spider zombie (D:13)
  Prince Ribbit (Lair:2)
  10 trolls
  33 slime creatures
  4 ettin zombies
  An ice dragon zombie (D:17)
  8 blink frogs
  5 boulder beetles
  A shadow dragon simulacrum (D:23)
  2 dragon zombies
  5 basilisks
  A trapdoor spider (shapeshifter) (D:15)
  4 griffon zombies
  9 two-headed ogres
  2 grizzly bears (D:10)
  2 vampires
  7 redbacks (Vaults:4)
  A trapdoor spider (D:18)
  32 yaks
  3 shadows
  A spiny worm zombie (D:19)
  2 water elementals (D:14)
  An ettin skeleton (D:19)
  A brown ooze (shapeshifter) (D:19)
  12 vampire mosquitoes
  A hungry ghost (D:10)
  2 deep elf conjurers (Vaults:3)
  4 sharks (D:14)
  65 ugly things
  3 deep elf fighters
  2 wraiths
  2 orc zombies (Orc:4)
  A yak (shapeshifter) (D:20)
  13 hippogriffs
  A clay golem (D:17)
  2 wyverns
  A steam dragon (Lair:8)
  A rock worm (Vaults:1)
  2 manticores
  Menkaure (D:5)
  2 hill giant skeletons
  2 freezing wraiths (Vaults:2)
  8 porcupines
  2 soldier ants
  A deep troll zombie (Vaults:1)
  A necrophage (D:10)
  2 swamp drakes (Lair:8)
  5 mottled dragons
  8 wolves
  2 deep elf priests
  2 giant goldfish (D:14)
  3 deep troll skeletons
  A hell hound (D:11)
  51 orc warriors
  A black bear (Lair:5)
  30 ogres
  5 ice beasts
  5 tengu (D:14)
  4 boring beetles
  6 sky beasts
  A spiny worm simulacrum (Vaults:1)
  18 centaurs
  8 wargs
  17 crocodiles
  A deep elf mage (Vaults:1)
  21 giant frogs
  8 water moccasins
  A lava worm (D:16)
  2 big kobolds
  6 giant slugs
  Blork the orc (D:9)
  2 cyclops zombies
  A giant slug zombie (D:17)
  2 wyvern zombies
  A gnoll sergeant (D:8)
  7 agate snails
  A deep troll simulacrum (D:23)
  A yaktaur skeleton (D:17)
  A cyclops skeleton (D:17)
  A yak zombie (D:14)
  7 killer bees (D:12)
  3 electric eels (D:14)
  2 lava fish (D:16)
  A troll zombie (D:12)
  A fire crab simulacrum (D:18)
  16 wights
  A troll skeleton (D:7)
  3 jellyfish (D:14)
  12 crimson imps
  A quasit (D:15)
  2 big fish (D:12)
  14 hounds
  A giant frog zombie (D:11)
  50 orc priests
  A giant frog skeleton (D:12)
  8 goliath beetles
  39 orc wizards
  A cyclops simulacrum (D:14)
  5 scorpions
  A two-headed ogre skeleton (D:9)
  10 worker ants
  A grizzly bear simulacrum (D:8)
  14 sheep
  2 deep elf soldiers
  16 iguanas
  A shapeshifter simulacrum (D:18)
  A boulder beetle simulacrum (D:17)
  An elf (shapeshifter) (Vaults:1)
  2 spectral orcs (Orc:3)
  8 jellies
  An ogre zombie (D:6)
  5 boggarts (D:17)
  A mottled dragon skeleton (D:12)
  2 big kobold skeletons
  A worker ant zombie (D:9)
  20 adders
  3 giant centipedes
  11 gnolls
  51 green rats
  An inept feature mimic (D:9)
  5 giant mites
  A shadow imp (Lair:3)
  4 worms
  5 ufetubi (Orc:4)
  An adder zombie (D:8)
  3 giant eyeballs
  5 giant geckos
  2 oozes
  219 orcs
  4 ball pythons
  37 bats
  A bat skeleton (D:5)
  A bat zombie (D:5)
  6 giant cockroaches
  A gnoll zombie (D:4)
  20 hobgoblins
  29 jackals
  20 kobolds
  A bat (shapeshifter) (Vaults:3)
  7 giant newts
  A giant spore (D:9)
  A gnoll skeleton (D:4)
  13 goblins
  A goblin skeleton (D:4)
  18 illusory rakshasas
  9 quokkas
  17 rats
  A rat simulacrum (D:8)
  7 rat skeletons
  4 ballistomycetes (D:9)
  3 plants
1553 creatures vanquished.

Vanquished Creatures (collateral kills)
  Rupert (Lair:8)
  A fire giant (Vaults:4)
  2 vault wardens
  4 vault guards
  2 yaktaur captains
  An ironheart preserver (Vaults:4)
  The ghost of DasRunzen the Slicer, a powerful OpWn of Okawaru (Lair:3)
  A death yak (Lair:7)
  A very ugly thing (Vaults:4)
  Nergalle (Orc:3)
  2 soul eaters (Hell)
  An ironbrand convoker (Vaults:2)
  4 orc knights
  A sixfirhy (Orc:4)
  3 orc sorcerers
  6 elephants (Lair:6)
  A stone giant skeleton (Vaults:4)
  An orange demon (Orc:2)
  6 yaktaurs
  A komodo dragon (Orc:2)
  A raven (shapeshifter) (D:22)
  3 blink frogs (Lair:3)
  2 slime creatures (D:20)
  A redback (Vaults:4)
  3 yaks (Lair:1)
  3 water elementals (Hell)
  8 ugly things (Vaults:1)
  A hell beast (Hell)
  A deep elf fighter (Vaults:4)
  3 vampire mosquitoes
  10 orc warriors
  A freezing wraith (Vaults:4)
  An ogre (D:22)
  5 centaurs
  2 crocodiles
  2 wargs
  A hippogriff skeleton (D:10)
  2 yak skeletons (Orc:4)
  2 orc priests (Vaults:3)
  An orc wizard (D:14)
  An orange rat (Orc:2)
  A deep elf soldier (Vaults:4)
  A troll simulacrum (D:14)
  A spectral orc (Orc:3)
  2 jellies
  An adder (Lair:8)
  An orc zombie (D:14)
  13 orcs
  An orc skeleton (Orc:2)
  A rat (Lair:3)
  3 rat skeletons (Orc:4)
  A fungus (Lair:6)
121 creatures vanquished.

Vanquished Creatures (others)
  2 very ugly things
  2 skeletal warriors (Vaults:1)
  4 dancing weapons
  An orc knight (Vaults:1)
  A water elemental (Hell)
  2 elephants (Lair:3)
  A spiny frog (Vaults:3)
  A vapour (Lair:1)
  An orange demon (Orc:2)
  A smoke demon (Hell)
  9 fire elementals
  2 two-headed ogres (D:19)
  4 ugly things
  A grizzly bear (Lair:7)
  A redback (D:21)
  A basilisk (Vaults:3)
  5 hogs
  3 vampire mosquitoes (D:17)
  A hill giant skeleton (D:12)
  A wolf (Vaults:4)
  A porcupine (Lair:7)
  4 earth elementals
  3 ogres (D:19)
  2 orc warriors (Vaults:1)
  A chimera (D:14)
  A quasit (D:11)
  An iron imp (Lair:6)
  6 orange rats (Orc:2)
  A worker ant (D:8)
  A big kobold skeleton (D:10)
  A mottled dragon skeleton (D:11)
  A white imp (D:12)
  8 orcs
  A hobgoblin skeleton (Orc:2)
  An orc skeleton (Orc:3)
  A rat (Lair:1)
  2 rat skeletons (Orc:4)
  3 fungi
  14 plants
  7 toadstools (D:12)
104 creatures vanquished.

Grand Total: 1778 creatures vanquished

Notes
Turn   | Place    | Note
--------------------------------------------------------------
     0 | D:1      | JacquesDerrida, the Kobold Hunter, began the quest for the Orb.
     0 | D:1      | Reached XP level 1. HP: 12/12 MP: 0/0
    78 | D:1      | Reached skill level 5 in Crossbows
   301 | D:1      | Reached XP level 2. HP: 17/17 MP: 1/1
   616 | D:1      | Reached XP level 3. HP: 19/21 MP: 2/2
   877 | D:1      | Reached skill level 6 in Crossbows
  1249 | D:2      | Reached XP level 4. HP: 14/26 MP: 3/3
  1850 | D:2      | Found a radiant altar of Vehumet.
  1860 | D:2      | Found a snail-covered altar of Cheibriados.
  1865 | D:2      | Found a bloodstained altar of Trog.
  1963 | D:3      | Reached skill level 7 in Crossbows
  2162 | D:3      | Reached XP level 5. HP: 25/30 MP: 4/4
  2635 | D:3      | Learned a level 3 spell: Poison Weapon
  2877 | D:3      | Reached skill level 1 in Spellcasting
  3005 | D:4      | Found a staircase to the Ecumenical Temple.
  3005 | D:4      | Noticed an ogre
  3020 | D:4      | Killed an ogre
  3020 | D:4      | Reached skill level 1 in Charms
  3020 | D:4      | Reached XP level 6. HP: 35/35 MP: 5/8
  3167 | Temple   | Entered the Ecumenical Temple
  3198 | Temple   | Became a worshipper of Nemelex Xobeh
  3335 | D:4      | Found Cuiptux's Gadget Shop.
  3632 | D:4      | Noticed an ogre
  3640 | D:4      | Reached XP level 7. HP: 26/39 MP: 11/11
  3655 | D:4      | Killed an ogre
  3817 | D:4      | Received a gift from Nemelex Xobeh
  3825 | D:4      | Gained mutation: Your magical capacity is low (-10% MP). [helix card]
  3827 | D:4      | Reached skill level 8 in Evocations
  3827 | D:4      | Reached XP level 8. HP: 44/44 MP: 5/16
  3830 | D:4      | Reached skill level 13 in Dodging
  3830 | D:4      | Reached XP level 9. HP: 48/48 MP: 5/18
  4078 | D:4      | Reached XP level 10. HP: 53/59 MP: 18/18
  4147 | D:4      | Paralysed by a giant eyeball for 2 turns
  4170 | D:4      | Noticed an ice beast
  4188 | D:4      | Killed an ice beast
  4285 | D:4      | Acquired Nemelex Xobeh's first power
  4352 | D:5      | Entered Level 5 of the Dungeon
  4796 | D:5      | Received a gift from Nemelex Xobeh
  4915 | D:5      | Noticed Menkaure
  4920 | D:5      | Killed Menkaure
  6184 | D:6      | Acquired Nemelex Xobeh's second power
  6277 | D:6      | Noticed a hill giant
  6332 | D:6      | Killed a hill giant
  6366 | D:6      | Received a gift from Nemelex Xobeh
  6435 | D:6      | Found Kidauch's Jewellery Boutique.
  6966 | D:7      | Found a staircase to the Ecumenical Temple.
  7209 | D:7      | Reached skill level 10 in Crossbows
  7630 | D:7      | Reached XP level 11. HP: 64/64 MP: 19/19
  7915 | D:7      | Upgraded the game from 0.13-a0-2305-ge00d11d to 0.13-a0-2318-gf5ad1f9
  8289 | D:7      | the staircase to the Ecumenical Temple was a mimic.
  8593 | D:8      | Noticed Maurice
  8601 | D:8      | Killed Maurice
  8905 | D:8      | Acquired Nemelex Xobeh's third power
  9780 | D:8      | Received a gift from Nemelex Xobeh
  9808 | D:8      | Found Klupleaj's Assorted Antiques.
  9818 | D:8      | Bought a scroll labeled QEAPSE ME CHEE for 28 gold pieces
  9818 | D:8      | Bought a scroll of identify for 56 gold pieces
  9964 | D:8      | Noticed a necromancer
  9989 | D:8      | Killed a necromancer
 10104 | D:9      | Noticed a hill giant
 10285 | D:9      | Lost mutation: Your magical capacity is low (-10% MP). [potion of cure mutation]
 10711 | D:9      | Found a staircase to the Lair.
 10713 | D:9      | the staircase to the Lair was a mimic.
 10846 | D:9      | Acquired Nemelex Xobeh's fourth power
 11077 | D:9      | Noticed Blork the orc
 11081 | D:9      | Killed Blork the orc
 11090 | D:9      | Received a gift from Nemelex Xobeh
 11119 | D:9      | Noticed a hill giant
 11128 | D:9      | Killed a hill giant
 11132 | D:9      | Killed a hill giant
 11275 | D:10     | Entered Level 10 of the Dungeon
 11424 | D:10     | Reached XP level 12. HP: 25/69 MP: 24/24
 11599 | D:10     | Received a gift from Nemelex Xobeh
 11649 | D:10     | Noticed Poody's ghost (experienced MiFi)
 11664 | D:10     | Received a gift from Nemelex Xobeh
 11681 | D:10     | Killed Poody's ghost
 11808 | D:10     | Found Psihemme's Book Boutique.
 11985 | D:10     | Reached skill level 10 in Evocations
 12292 | D:10     | Found a staircase to the Orcish Mines.
 12296 | D:10     | Found a bloodstained altar of Trog.
 12585 | D:10     | Noticed Harold
 12609 | D:10     | Killed Harold
 12713 | D:11     | Acquired Nemelex Xobeh's fifth power
 12802 | D:11     | Found Pnetaq's Antique Weapon Shop.
 12809 | D:11     | Bought a glowing short sword for 86 gold pieces
 12814 | D:11     | Bought a glowing elven dagger for 64 gold pieces
 13268 | D:11     | Noticed an eight-headed hydra
 13288 | D:11     | Received a gift from Nemelex Xobeh
 13380 | D:11     | Killed an eight-headed hydra
 13380 | D:11     | Reached skill level 14 in Crossbows
 14171 | D:12     | Learned a level 2 spell: Lethal Infusion
 14185 | D:12     | Received a gift from Nemelex Xobeh
 14567 | D:12     | Found a blossoming altar of Fedhas.
 15113 | D:12     | Reached XP level 13. HP: 43/73 MP: 27/27
 15326 | D:12     | Reached skill level 15 in Crossbows
 15836 | D:13     | Received a gift from Nemelex Xobeh
 15891 | D:13     | Got a heavily runed storm dragon armour
 15894 | D:13     | Identified the cursed -1 storm dragon armour of the Earth {rElec Dex+4 Int+2 SInv Stlth--} (You took it off an orc priest on level 13 of the Dungeon)
 15997 | D:13     | Noticed Erica
 16106 | D:13     | Killed Erica
 16354 | D:13     | Reached skill level 1 in Long Blades
 16507 | D:13     | Found a staircase to the Lair.
 16654 | D:13     | Received a gift from Nemelex Xobeh
 17366 | Lair:1   | Entered Level 1 of the Lair of Beasts
 17642 | Lair:1   | Reached skill level 5 in Long Blades
 18733 | Lair:2   | Noticed Prince Ribbit
 18903 | Lair:2   | Identified a scroll of acquirement
 18910 | Lair:2   | Got an ichor-stained robe
 18914 | Lair:2   | Identified the +2 robe of Pnesyoba {Str+4 Dam+2} (You acquired it on level 2 of the Lair of Beasts)
 18971 | Lair:2   | Killed Prince Ribbit
 19287 | Lair:2   | Received a gift from Nemelex Xobeh
 19772 | Lair:2   | Reached skill level 16 in Crossbows
 20208 | Lair:3   | Identified a +0 rod of warding (14/14) (You found it on level 3 of the Lair of Beasts)
 20409 | Lair:3   | Noticed DasRunzen's ghost (powerful OpWn)
 20988 | Lair:4   | Received a gift from Nemelex Xobeh
 21611 | Lair:4   | Reached XP level 14. HP: 57/79 MP: 28/28
 21670 | Lair:5   | Noticed Fannar
 21675 | Lair:5   | Killed Fannar
 21695 | Lair:4   | Reached skill level 17 in Crossbows
 22547 | Lair:6   | Found a staircase to the Swamp.
 22674 | Lair:6   | Found a hole to the Spider Nest.
 23045 | Lair:6   | Received a gift from Nemelex Xobeh
 23061 | Lair:6   | Learned a level 2 spell: Blink
 23063 | Lair:6   | Learned a level 1 spell: Apportation
 23173 | Lair:6   | Got a pitted sabre
 23511 | Lair:6   | Received a gift from Nemelex Xobeh
 23529 | Lair:6   | Reached skill level 18 in Crossbows
 23568 | Lair:6   | Identified the sabre "Caklain" {venom, Dex+1} (You found it on level 6 of the Lair of Beasts)
 23591 | Lair:6   | Found a viscous altar of Jiyva.
 23592 | Lair:6   | Found a staircase to the Slime Pits.
 23813 | Lair:6   | Received a gift from Nemelex Xobeh
 24091 | Lair:1   | stonewall: Тебе хватает стрел?
 24091 | Lair:1   | JacquesDerrida: Не хватало бы, не прокачай я 7 уровней мечей
 24091 | Lair:1   | JacquesDerrida: С эрики снял скимитар
 24091 | Lair:1   | stonewall: Крутая сабля
 24091 | Lair:1   | JacquesDerrida: И нормально
 24091 | Lair:1   | JacquesDerrida: Скимитар сильнее, кажется
 24092 | Lair:1   | stonewall: Почти как капитанская
 24092 | Lair:1   | stonewall: Наверное
 24092 | Lair:1   | JacquesDerrida: Да под немелексом вообще просто первые пару часов
 24092 | Lair:1   | JacquesDerrida: А потом уже так себе
 24167 | Lair:3   | stonewall: Мумией научился гарантированно колоды чудес получать
 24197 | Lair:3   | stonewall: Желательно монком
 24197 | Lair:3   | stonewall: Но не очень спасает
 24197 | Lair:3   | JacquesDerrida: Не факт нащет монка
 24197 | Lair:3   | JacquesDerrida: Это даже вредит
 24197 | Lair:3   | stonewall: У него сразу ** на старте
 24197 | Lair:3   | JacquesDerrida: При наличии пиети немелекс почти гарантированно дает колоду
 24197 | Lair:3   | stonewall: Я однажды просто воршипнул и он сразу колоду дал
 24197 | Lair:3   | JacquesDerrida: Сразу с ковертом
 24197 | Lair:3   | stonewall: А черт его знает
 24197 | Lair:3   | JacquesDerrida: А какую даст -- кто его разберет
 24197 | Lair:3   | stonewall: Я помню какой-то кобольд в лейр зашел 17 уровня, столько чудес выпало
 24197 | Lair:3   | JacquesDerrida: А так надо парочу-другую хлебушков
 24197 | Lair:3   | JacquesDerrida: Мне 3 опыта выпали из одной колоды
 24197 | Lair:3   | stonewall: А иногда даже карты опыта не бывает
 24197 | Lair:3   | JacquesDerrida: Я больше не пытался
 24197 | Lair:3   | stonewall: Круто!
 24197 | Lair:3   | JacquesDerrida: Часто не бывает
 24197 | Lair:3   | JacquesDerrida: А вот хеликсов дофига
 24197 | Lair:3   | stonewall: Угу
 24197 | Lair:3   | JacquesDerrida: За третью карту повысил додж до 14
 24197 | Lair:3   | JacquesDerrida: Красота
 24197 | Lair:3   | JacquesDerrida: Почти 14
 24197 | Lair:3   | stonewall: Обалденно
 24197 | Lair:3   | JacquesDerrida: Я и лампу нашел
 24197 | Lair:3   | JacquesDerrida: И камешек
 24198 | Lair:3   | JacquesDerrida: ВЖ
 24198 | Lair:3   | JacquesDerrida: D:
 24220 | Lair:3   | stonewall: Да, я как-то мечтал поиграть кобольдом-артифайсером
 24224 | Lair:3   | stonewall: Это кто
 24226 | Lair:3   | stonewall: Минотавр-ассассин?
 24226 | Lair:3   | JacquesDerrida: Воу
 24226 | Lair:3   | JacquesDerrida: Октопод странник
 24230 | Lair:3   | stonewall: Пойду эксгумацию сделаю
 24230 | Lair:3   | Killed DasRunzen's ghost
 24234 | Lair:3   | stonewall: Ну и ник
 24235 | Lair:3   | JacquesDerrida: )))
 24235 | Lair:3   | JacquesDerrida: ПРавильно
 24395 | Lair:7   | stonewall: >> +3,+7 quick blade
 24398 | Lair:7   | stonewall: Какой везучий осьминог
 24398 | Lair:7   | JacquesDerrida: Нормально.
 24398 | Lair:7   | JacquesDerrida: Еще эти нужны
 24398 | Lair:7   | JacquesDerrida: Как их
 24398 | Lair:7   | JacquesDerrida: Временные бренды
 24398 | Lair:7   | JacquesDerrida: Найти надо
 24398 | Lair:7   | JacquesDerrida: Без них не то
 24510 | Lair:7   | stonewall: Я сегодня охренел от транка
 24510 | Lair:7   | stonewall: Украл руну в геенне
 24514 | Lair:7   | stonewall: Вышел по лестнице
 24516 | Lair:7   | stonewall: Игра крашнулась
 24516 | Lair:7   | stonewall: Пришлось вытаскивать второй раз
 24516 | Lair:7   | JacquesDerrida: А потом что
 24516 | Lair:7   | JacquesDerrida: D:
 24516 | Lair:7   | stonewall: Два раза руну засчитали
 24516 | Lair:7   | JacquesDerrida: Получилось?
 24516 | Lair:7   | stonewall: Угу
 24516 | Lair:7   | JacquesDerrida: Получиось.
 24516 | Lair:7   | JacquesDerrida: Я видел же
 24516 | Lair:7   | JacquesDerrida: Финал
 24523 | Lair:7   | stonewall: Нервная игра
 24599 | Lair:7   | JacquesDerrida: Жаль не стабер
 24599 | Lair:7   | JacquesDerrida: )))
 24626 | Lair:7   | Waterpls: д
 24689 | Lair:7   | Waterpls: обрый вечер
 24710 | Lair:7   | stonewall: Конбанва
 24710 | Lair:7   | JacquesDerrida: Ола, амиго!
 24919 | Lair:7   | Received a gift from Nemelex Xobeh
 24931 | Lair:7   | stonewall: А ты не пробовал чистым лучником в лейте играть?
 24941 | Lair:7   | stonewall: Без торнадо итп
 24948 | Lair:7   | JacquesDerrida: Не получится
 24948 | Lair:7   | JacquesDerrida: Получится, но плохо
 24948 | Lair:7   | stonewall: Жалко
 24948 | Lair:7   | JacquesDerrida: Если только под некопутацией и вешать на арбалет-лук элементы
 24948 | Lair:7   | stonewall: Святой лук
 24948 | Lair:7   | JacquesDerrida: Торнадо от финдов спасает в основном
 24948 | Lair:7   | JacquesDerrida: Святого лука не хватит на финдов
 24948 | Lair:7   | JacquesDerrida: а вот лука и торнадо -- туда-сюда
 24948 | Lair:7   | JacquesDerrida: Лук только мутацией усиливать, думаю
 24959 | Lair:7   | stonewall: Опаньки, я думал холи лонг боу их с двух выстрелов ложит
 24961 | Lair:7   | JacquesDerrida: Ну да
 24961 | Lair:7   | JacquesDerrida: А если их много, и вокруг некоксеки и прочие шельмецы
 24961 | Lair:7   | JacquesDerrida: То 2 много
 24961 | Lair:7   | stonewall: А, ты про это
 24961 | Lair:7   | JacquesDerrida: Торнадо вообще только на экстренные случаи -- открытые комнаты в присутствии финдов
 25031 | Lair:7   | Reached skill level 10 in Short Blades
 25268 | Lair:7   | Waterpls: стрел то хватит или всю жизнь с коковару бегать?
 25270 | Lair:7   | JacquesDerrida: Чистым лучником вряд ли хватит
 25270 | Lair:7   | JacquesDerrida: Окавару нужен чтобы его элементальные подарки расстреливать
 25270 | Lair:7   | JacquesDerrida: И экономить нейтральные
 25270 | Lair:7   | stonewall: Ты в форесте был уже? Там таких тварей понаделали
 25270 | Lair:7   | JacquesDerrida: На паны-ады
 25270 | Lair:7   | JacquesDerrida: Форест надо ребалансить
 25270 | Lair:7   | Waterpls: что за баг новый что кусты и грибы как монстры отображаются в списке
 25270 | Lair:7   | JacquesDerrida: И монстров тоже
 25270 | Lair:7   | stonewall: Он сложнее диса
 25270 | Lair:7   | JacquesDerrida: Пару дней как
 25270 | Lair:7   | JacquesDerrida: Опасные кусты
 25270 | Lair:7   | JacquesDerrida: Там як прячется
 25270 | Lair:7   | JacquesDerrida: Подглядывает
 25270 | Lair:7   | JacquesDerrida: Вуайерист
 25276 | Lair:7   | stonewall: trapdoor yak
 25794 | Lair:8   | Entered Level 8 of the Lair of Beasts
 25797 | Lair:8   | JacquesDerrida: Вай
 25797 | Lair:8   | stonewall: Ничо так
 25797 | Lair:8   | JacquesDerrida: Сразу пачечка
 25797 | Lair:8   | JacquesDerrida: Так бы на мерфолке
 25818 | Lair:8   | stonewall: Намек на ваулт с некокексами на D:11
 25818 | Lair:8   | JacquesDerrida: Было бы неплохо
 25818 | Lair:8   | JacquesDerrida: Лучше бы они умели превращать героя в некоксека
 25818 | Lair:8   | JacquesDerrida: Навсегда
 25822 | Lair:8   | stonewall: Тогда уж в гриб
 25824 | Lair:8   | JacquesDerrida: Оу шыт
 25824 | Lair:8   | stonewall: Что?
 25824 | Lair:8   | JacquesDerrida: Этот файербол взрывается только при импакте
 25824 | Lair:8   | JacquesDerrida: Век живи!
 25825 | Lair:8   | JacquesDerrida: )))
 25825 | Lair:8   | stonewall: Megafun
 25825 | Lair:8   | JacquesDerrida: Хорошая карта
 25828 | Lair:8   | Reached skill level 1 in Armour
 25841 | Lair:8   | stonewall: Стабай
 25904 | Lair:8   | JacquesDerrida: Да, чет сабля сильнее арбалета стала
 25906 | Lair:8   | stonewall: Это тебе шаффл так статы покорежил? Ты ж обычно инту качаешь
 25915 | Lair:8   | stonewall: Даже кентавру
 25915 | Lair:8   | JacquesDerrida: Я бы шафл не достал.
 25915 | Lair:8   | stonewall: Зачем столько дексы
 25915 | Lair:8   | JacquesDerrida: Глюпо вслепую таскать разукрашенные или легендарные чудеса
 25915 | Lair:8   | stonewall: А мне норм
 25915 | Lair:8   | JacquesDerrida: Это кольцо
 25915 | Lair:8   | stonewall: А, ок
 25915 | Lair:8   | JacquesDerrida: Ну как норм
 25915 | Lair:8   | JacquesDerrida: Достал шафл и все
 25915 | Lair:8   | JacquesDerrida: Гамовер
 25915 | Lair:8   | JacquesDerrida: Троллю можно
 25915 | Lair:8   | JacquesDerrida: А так не
 25932 | Lair:8   | Noticed Rupert
 25933 | Lair:8   | Paralysed by Rupert for 4 turns
 25934 | Lair:8   | JacquesDerrida: фак ми
 25941 | Lair:8   | Received a gift from Nemelex Xobeh
 25947 | Lair:8   | stonewall: Мама
 25950 | Lair:8   | Killed Rupert
 25951 | Lair:8   | JacquesDerrida: Вот и делов-то
 25964 | Lair:8   | stonewall: Пожалуй это самый иррациональный бог
 26019 | Lair:8   | JacquesDerrida: Да, и это лучшее его качество!
 26019 | Lair:8   | JacquesDerrida: Хе-хе
 26024 | Lair:8   | stonewall: Даже ксом не такой странный, если подумать
 26024 | Lair:8   | JacquesDerrida: Ксом это хаос, а хаос это не обязательно антитеза рациональности
 26024 | Lair:8   | JacquesDerrida: По уму если, то антитезой рациональности будет свободная воля
 26024 | Lair:8   | stonewall: Все считают ксома самым странным богом
 26024 | Lair:8   | stonewall: Но его паттерн поведения ничем не отличается от злого старшего брата
 26024 | Lair:8   | JacquesDerrida: Хаотично нейтральный, хе-хе
 26026 | Lair:8   | JacquesDerrida: Беспристрастный просто
 26026 | Lair:8   | JacquesDerrida: И при этом вне систем
 26026 | Lair:8   | stonewall: chaotic good lfже
 26026 | Lair:8   | stonewall: даже*
 26026 | Lair:8   | stonewall: Он как-то воскресил меня
 26026 | Lair:8   | JacquesDerrida: Да нет, в этом идея
 26026 | Lair:8   | stonewall: Думаю я для него что-то значу
 26026 | Lair:8   | JacquesDerrida: Может воскресить
 26026 | Lair:8   | JacquesDerrida: А может взорвать
 26026 | Lair:8   | stonewall: В общем цундере
 26026 | Lair:8   | JacquesDerrida: Из палаты мер и весов сбежал
 26026 | Lair:8   | stonewall: Самый банальный тип поведения
 26026 | Lair:8   | JacquesDerrida: Это самый нечеловеческий из богов
 26026 | Lair:8   | stonewall: Ксом или немелекс?
 26026 | Lair:8   | JacquesDerrida: Ксом
 26026 | Lair:8   | stonewall: Почему это
 26026 | Lair:8   | JacquesDerrida: Он ни этичный, ни неэтичный.
 26026 | Lair:8   | JacquesDerrida: Бесстрастный
 26026 | Lair:8   | JacquesDerrida: Эгоцентричный.
 26026 | Lair:8   | JacquesDerrida: Вселенная, короче
 26034 | Lair:8   | stonewall: Я прекрасно понимаю его аттитюду в отношении к игроку
 26054 | Lair:8   | stonewall: Желание чисто поржать это истинно человеческое качество
 26054 | Lair:8   | JacquesDerrida: А игрока нет, есть часть вселенной
 26054 | Lair:8   | stonewall: Ну да
 26054 | Lair:8   | JacquesDerrida: И он лишь тасует части самого себя.
 26054 | Lair:8   | stonewall: Слишком абстрактно
 26054 | Lair:8   | JacquesDerrida: Поэтому между игроком и ксомом нет разницы.
 26054 | Lair:8   | JacquesDerrida: Одно включает другое
 26054 | Lair:8   | JacquesDerrida: Но едва ли наоборот
 26078 | Lair:8   | stonewall: Не забывай, что бог в кравле это просто конечный автомат, алгоритм
 26169 | Lair:8   | stonewall: Раз уж абстрагировались от кода и очеловечиваем его, тогда нужно принять и существование игрока
 26169 | Lair:8   | stonewall: Иначе это глупо
 26169 | Lair:8   | JacquesDerrida: Ну это чисто восприятие-искусство
 26169 | Lair:8   | JacquesDerrida: Так-то все ясно
 26169 | Lair:8   | JacquesDerrida: Но надо забывать
 26169 | Lair:8   | JacquesDerrida: Без забывания никакого искусства не существует
 26169 | Lair:8   | JacquesDerrida: Хе-хе
 26273 | Lair:8   | Reached XP level 15. HP: 84/84 MP: 29/29
 26362 | Lair:8   | stonewall: Сегодня стащил у диспатера его посох, но что-то поленился лес дочистить
 26365 | Lair:8   | stonewall: А было б интересно с хеллфаером-то
 26365 | Lair:8   | JacquesDerrida: )))
 26365 | Lair:8   | JacquesDerrida: Гринпис негодует
 26532 | Lair:8   | stonewall: Этот эндинг
 26533 | Lair:8   | JacquesDerrida: Ниче так
 26533 | Lair:8   | stonewall: Нраица
 26552 | Lair:8   | stonewall: А я сегодня видел на D:10 миниваулт с толпами моттлед драконов
 26565 | Lair:8   | JacquesDerrida: Мне бы такой
 26565 | Lair:8   | JacquesDerrida: Хе-хе
 26565 | Lair:8   | JacquesDerrida: Паровых дракончиков усилили
 26565 | Lair:8   | stonewall: А на тебе не MDA надета?
 26565 | Lair:8   | JacquesDerrida: Пар теперь какой-то ужасный!
 26565 | Lair:8   | JacquesDerrida: Конечно, потому я бы и не отказался от такого волта
 26570 | Lair:8   | stonewall: А, в этом плане
 26715 | Lair:8   | Gained mutation: Your muscles are strong (Str +1). [potion of beneficial mutation]
 27034 | Lair:1   | Waterpls: я бы сказал, что Ксом воплощает Судьбу, а Немелекс Случайность
 27053 | Lair:1   | JacquesDerrida: Да, хорошо
 27053 | Lair:1   | JacquesDerrida: Это концепт
 27228 | D:10     | JacquesDerrida: Концепция, то есть
 27228 | D:10     | JacquesDerrida: Хе-хе
 27248 | Orc:1    | Entered Level 1 of the Orcish Mines
 27372 | Orc:1    | stonewall: Лол, парню выпал кинжал Пирровой победы
 27484 | Orc:1    | JacquesDerrida: За каждое убийство надо платить частью тела
 27484 | Orc:1    | stonewall: inb4 растратить все консумаблы на импа
 27988 | Orc:2    | JacquesDerrida: Новый дреин тоже нчтк
 28010 | Orc:2    | stonewall: Не прошло и 12 лет, как ввели классический дрейн
 28039 | Orc:2    | Waterpls: из ангбанда?
 28039 | Orc:2    | stonewall: Да не только
 28077 | Orc:2    | stonewall: Хотя в ангбанде что-то между было
 28077 | Orc:2    | Received a gift from Nemelex Xobeh
 28082 | Orc:2    | stonewall: Опыт дрейнился, но его можно было восстановить
 28094 | Orc:2    | stonewall: Аннигилятор
 28380 | Orc:3    | Received a gift from Nemelex Xobeh
 28682 | Orc:3    | Found Freuv's Armour Boutique.
 28694 | Orc:3    | stonewall: Магазин брони
 28695 | Orc:3    | stonewall: Мой любимый
 28724 | Orc:3    | stonewall: Плащ презервации и pda+10
 28727 | Orc:3    | JacquesDerrida: +15 минимум
 28727 | Orc:3    | JacquesDerrida: за 100 золотых
 28727 | Orc:3    | stonewall: Или ты его уже проверил?
 28736 | Orc:3    | Waterpls: pda+10 стоит как самолет
 28740 | Orc:3    | JacquesDerrida: )))
 28740 | Orc:3    | stonewall: Так, плащ есть
 28740 | Orc:3    | JacquesDerrida: Все +0
 28740 | Orc:3    | JacquesDerrida: Верблюдопард!
 28740 | Orc:3    | stonewall: Я был прав на 20% минимум
 28740 | Orc:3    | stonewall: Угу
 28740 | Orc:3    | JacquesDerrida: Это офигенно, покупаю!
 28740 | Orc:3    | Bought the cursed -5 ring mail of the Camelopard {rElec rN+ Str-3} for 162 gold pieces
 28746 | Orc:3    | stonewall: Из монголафрики
 28817 | Orc:3    | Noticed Nergalle
 28820 | Orc:3    | stonewall: ДИСПЕЛ
 28833 | Orc:3    | Killed Nergalle
 28834 | Orc:3    | JacquesDerrida: Не успела дверцу произнести
 28836 | Orc:3    | stonewall: Угу
 28837 | Orc:3    | stonewall: Зело приятно
 28901 | Orc:3    | Waterpls: по-моему она единственная кто использует дверцу
 28905 | Orc:3    | Waterpls: включая игроков
 28919 | Orc:3    | JacquesDerrida: Наверное
 28919 | Orc:3    | JacquesDerrida: Пожалуй
 28919 | Orc:3    | stonewall: Да, это ее уникальная фишечка
 28927 | Orc:3    | stonewall: Иначе был бы дженерик кастер
 28932 | Orc:3    | JacquesDerrida: Она и была до недавнего фикса
 28937 | Orc:3    | stonewall: А когда ей дверку сделали?
 28938 | Orc:3    | JacquesDerrida: Да вот на днях
 28938 | Orc:3    | JacquesDerrida: Неделю-две
 28938 | Orc:3    | stonewall: Да ну брось
 28938 | Orc:3    | JacquesDerrida: И позволили появляться раньше
 28938 | Orc:3    | JacquesDerrida: Что-то с ней сделали
 28941 | Orc:3    | stonewall: Еще раньше кастовала
 28960 | Orc:3    | Reached skill level 5 in Spellcasting
 28964 | Orc:3    | stonewall: Как минимум два раза видел
 29006 | Orc:3    | Noticed Erolcha
 29007 | Orc:3    | JacquesDerrida: Опять она тут
 29051 | Orc:3    | JacquesDerrida: Ooo
 29051 | Orc:3    | JacquesDerrida: Найс
 29051 | Orc:3    | JacquesDerrida: Лучшая карта
 29051 | Orc:3    | Killed Erolcha
 29051 | Orc:3    | JacquesDerrida: )))
 29051 | Orc:3    | JacquesDerrida: Какая она тонкая
 29051 | Orc:3    | Received a gift from Nemelex Xobeh
 29052 | Orc:3    | stonewall: Угу
 29054 | Orc:3    | Waterpls: кристальное копье лучше
 29057 | Orc:3    | stonewall: Говорю ж, аннигилятор
 29057 | Orc:3    | stonewall: Ой-вей
 29057 | Orc:3    | JacquesDerrida: Да ну, толку от копья
 29057 | Orc:3    | JacquesDerrida: Ни тебе взрыва
 29057 | Orc:3    | JacquesDerrida: Ни грома
 29057 | Orc:3    | JacquesDerrida: А ты представь как орк перепугался
 29057 | Orc:3    | JacquesDerrida: Разбудил
 29088 | Orc:3    | stonewall: А, сегодня в орках было три призрака с диспелом
 29091 | Orc:3    | stonewall: Обычный день мумии
 29267 | Orc:3    | Waterpls: ты выиграл кстати?
 29270 | Orc:3    | stonewall: Заходишь в LOS и You convulse! LOW HITPOINT WARNING!
 29273 | Orc:3    | Waterpls: MuAs?
 29273 | Orc:3    | stonewall: Угу
 29298 | Orc:3    | JacquesDerrida: MyAs
 29469 | Orc:3    | stonewall: Я хочу чтобы когда применяешь диспел на нежить писали It's super effective!
 29524 | Orc:4    | Entered Level 4 of the Orcish Mines
 29525 | Orc:4    | JacquesDerrida: It's super effective.
 29525 | Orc:4    | stonewall: Когда выйду на песню сделаю форк
 29525 | Orc:4    | JacquesDerrida: You convulse with joy.
 29526 | Orc:4    | stonewall: Версии 0.95
 29648 | Orc:4    | Waterpls: думаю к 0.95 версии MiFi будет убивать всех просто фактом спуска с лестницы
 29812 | Orc:4    | stonewall: Мне кажется в версии 0.95 не будет ни минотавров, ни файтеров, ни лестниц
 29849 | Orc:4    | JacquesDerrida: Starting game.
 29849 | Orc:4    | JacquesDerrida: YOUR BODY RATTLES WITH MOTHEFUCKING DELIGHT!
 29849 | Orc:4    | JacquesDerrida: YOU WN THIS SHIT
 29892 | Orc:4    | Found a staircase to the Elven Halls.
 29895 | Orc:4    | JacquesDerrida: Или you are the shit
 29895 | Orc:4    | JacquesDerrida: Так даже смешнее
 29895 | Orc:4    | JacquesDerrida: Респектуют на старте и показывают титры
 30073 | Orc:4    | stonewall: Если выбираешь минотавра, то нужно вынести 15-рунку фелидом сталкером и только после выбираешь бекграунд
 30101 | Orc:4    | stonewall: По-моему неплохой баланс
 30295 | Orc:4    | Received a gift from Nemelex Xobeh
 30332 | Orc:4    | JacquesDerrida: ЛЕЛ
 30367 | Orc:4    | Found Obejaigh's Antique Armour Boutique.
 30372 | Orc:4    | Noticed Nessos
 30374 | Orc:4    | JacquesDerrida: оу фак ми
 30378 | Orc:4    | stonewall: инвибизилити
 30381 | Orc:4    | stonewall: Шикарное появление на ринге
 30381 | Orc:4    | Killed Nessos
 30381 | Orc:4    | JacquesDerrida: JIZZED IN MY PANTS
 30420 | Orc:4    | Noticed M4edhros' ghost (powerful OpAr)
 30420 | Orc:4    | JacquesDerrida: Еще один
 30420 | Orc:4    | JacquesDerrida: За них все играют, что ли
 30422 | Orc:4    | JacquesDerrida: А, они же не хаотические
 30422 | Orc:4    | stonewall: Это же мастер-октопод артифайсер федаса
 30422 | Orc:4    | stonewall: Да!
 30426 | Orc:4    | stonewall: Ух
 30426 | Orc:4    | JacquesDerrida: фак ю(((
 30426 | Orc:4    | Received a gift from Nemelex Xobeh
 30427 | Orc:4    | stonewall: посмотрел бы, что он умеет
 30428 | Orc:4    | stonewall: Я так обожаю делать
 30434 | Orc:4    | Killed M4edhros' ghost
 30442 | Orc:4    | stonewall: Можно отыгрывать следователя
 30616 | Orc:4    | JacquesDerrida: вандерера
 30616 | Orc:4    | stonewall: "Хм, кто убил этого сприггана-сталкера?"
 30678 | Orc:4    | stonewall: "Скалли, открой ящик и передай мне файл с секретными материалами"
 30683 | Orc:4    | stonewall: "Так-так, это был древний лич"
 30683 | Orc:4    | JacquesDerrida: Начался дождь и этого оказалось достаточно
 30683 | Orc:4    | JacquesDerrida: Град
 30719 | Orc:4    | stonewall: Хотя вру, мне интересно только умеет ли призрак кастовать диспел
 30793 | Orc:4    | JacquesDerrida: Ну опять, что ли
 30793 | Orc:4    | JacquesDerrida: Скелетов поднимет синий вонючка
 30793 | Orc:4    | JacquesDerrida: (((
 30863 | Orc:4    | stonewall: Пусть сделают свиток ворпалайза, только для саммонов
 30864 | Orc:4    | JacquesDerrida: fak yu
 30864 | Orc:4    | stonewall: Почему у ирочки можно бегать с крутым саммоном вечно, а просто так нельзя
 30864 | Orc:4    | JacquesDerrida: D: D: D:
 30865 | Orc:4    | stonewall: Треморс
 30865 | Orc:4    | Waterpls: зачем нужен фаершторм
 30865 | Orc:4    | JacquesDerrida: Не поможет
 30865 | Orc:4    | Waterpls: когда есть новые эвоки
 30865 | Orc:4    | JacquesDerrida: Надо заманить
 30870 | Orc:4    | Received a gift from Nemelex Xobeh
 31413 | Orc:4    | Received a gift from Nemelex Xobeh
 31554 | Orc:4    | Found Kereischi's Antique Armour Shop.
 31554 | Orc:4    | Found Fugetaod's Armour Shoppe.
 31555 | Orc:4    | Found Wofu's Book Shop.
 31556 | Orc:4    | Found Ighis' Armour Shoppe.
 31592 | Orc:4    | Bought a pair of embroidered gauntlets for 44 gold pieces
 31592 | Orc:4    | Bought a runed crested helmet for 92 gold pieces
 31600 | Orc:4    | JacquesDerrida: ШИТ
 31603 | Orc:4    | JacquesDerrida: Ой заигрался
 31603 | Orc:4    | JacquesDerrida: Пора бы валить!
 31603 | Orc:4    | stonewall: Чо как магазины
 31603 | Orc:4    | JacquesDerrida: Прощайте!
 31603 | Orc:4    | stonewall: Все пропустил
 31603 | Orc:4    | stonewall: Пока
 31603 | Orc:4    | JacquesDerrida: Белые вещи +0
 31603 | Orc:4    | JacquesDerrida: И парочка -3
 31603 | Orc:4    | JacquesDerrida: D: D: D:
 32106 | D:14     | Entered Level 14 of the Dungeon
 32320 | D:14     | Received a gift from Nemelex Xobeh
 32428 | D:14     | Noticed Josephine
 32628 | D:14     | Killed Josephine
 33368 | D:14     | Found a portal to a secret trove of treasure.
 33445 | D:14     | Noticed Aizul
 33457 | D:14     | Killed Aizul
 34157 | D:14     | Reached XP level 16. HP: 90/92 MP: 32/32
 34385 | D:15     | Entered Level 15 of the Dungeon
 34385 | D:15     | Noticed Urug
 34408 | D:15     | Killed Urug
 34859 | D:15     | Received a gift from Nemelex Xobeh
 34918 | D:15     | Learned a level 2 spell: Portal Projectile
 35329 | D:16     | Noticed Snorg
 35353 | D:16     | Killed Snorg
 35353 | D:16     | Reached skill level 19 in Crossbows
 35359 | D:16     | Noticed Agnes
 35401 | D:16     | Found a flickering gateway to a bazaar.
 35406 | Bazaar   | Entered a bazaar
 35445 | Bazaar   | Found Joxzeuwn's Antique Weapon Shoppe.
 35459 | Bazaar   | Found Klosunn's Antique Weapon Emporium.
 35474 | Bazaar   | Found Thrisk's Antique Armour Emporium.
 35479 | Bazaar   | Bought a pair of runed boots for 31 gold pieces
 35479 | Bazaar   | Bought an embroidered elven cloak for 25 gold pieces
 35486 | Bazaar   | Found Shrockaff's Antique Armour Shoppe.
 35508 | Bazaar   | Identified a +2 elven cloak of preservation (You bought it in a shop in a bazaar)
 35528 | Bazaar   | Bought a runed crossbow for 131 gold pieces
 35555 | Bazaar   | Bought a shimmering chain mail for 336 gold pieces
 35557 | Bazaar   | Identified the +3 chain mail of Ghiaseed {Dex+4 Int+3} (You bought it in a shop in a bazaar)
 35702 | D:17     | Noticed throttle's ghost (mighty DjBe)
 35725 | D:17     | Killed throttle's ghost
 36189 | D:17     | Reached skill level 5 in Stealth
 37639 | D:18     | Noticed Roxanne
 38008 | D:18     | Reached skill level 10 in Stealth
 38402 | D:18     | Received a gift from Nemelex Xobeh
 39069 | D:19     | Got a warped dagger
 39070 | D:19     | Identified the cursed dagger of Shrieking Terror {elec, Str+3 Stlth} (You took it off an orc on level 19 of the Dungeon)
 39178 | D:19     | Noticed Frances
 39229 | D:19     | Killed Frances
 39229 | D:19     | Reached XP level 17. HP: 73/96 MP: 27/32
 39399 | D:19     | Upgraded the game from 0.13-a0-2318-gf5ad1f9 to 0.13-a0-2350-g4422b0a
 39477 | D:19     | Received a gift from Nemelex Xobeh
 39769 | D:19     | Received a gift from Nemelex Xobeh
 39788 | D:19     | Got an encrusted mace
 39789 | D:19     | Identified the cursed mace of Tenacity {flame, +Rage rC+} (You found it on level 19 of the Dungeon)
 40500 | D:20     | Entered Level 20 of the Dungeon
 40536 | D:20     | Found Ceumoan's Distillery.
 40546 | D:20     | Bought a potion of degeneration for 34 gold pieces
 40786 | D:20     | Got a smoking quarterstaff
 40789 | D:20     | Identified the quarterstaff of Bloody Death {vamp, rC+ Int+1} (You found it on level 20 of the Dungeon)
 41557 | D:20     | Received a gift from Nemelex Xobeh
 43221 | D:20     | Found a staircase to the Vaults.
 43413 | Vaults:1 | Entered Level 1 of the Vaults
 43505 | Vaults:1 | Noticed Nikola
 43879 | D:20     | Bought a potion of resistance for 119 gold pieces
 44055 | Vaults:1 | Noticed Donald
 44081 | Vaults:1 | Killed Donald
 44192 | Vaults:1 | Got an ichor-stained shield
 44872 | Vaults:1 | Noticed Jorgrun
 44886 | Vaults:1 | Killed Jorgrun
 44912 | Vaults:1 | Identified Geugudaof's Handbook of the Destructive Arsonist (You found it on level 1 of the Vaults)
 45261 | Vaults:1 | Reached skill level 10 in Spellcasting
 45269 | Vaults:1 | Received a gift from Nemelex Xobeh
 45499 | Vaults:1 | Reached XP level 18. HP: 91/102 MP: 34/34
 45501 | Vaults:1 | Found Hyleg's Gadget Shop.
 46315 | Vaults:1 | Identified the cursed +1 shield of Inquiry {rC+ Dex-3 SInv} (You found it on level 1 of the Vaults)
 46418 | Vaults:1 | Killed Nikola
 46418 | Vaults:1 | Received a gift from Nemelex Xobeh
 47021 | Vaults:2 | Found Wesurch's Assorted Antiques.
 47222 | Vaults:2 | Found a basalt altar of Yredelemnul.
 47222 | Vaults:2 | Found a staircase to the Crypt.
 47223 | Vaults:2 | Found an ancient bone altar of Kikubaaqudgha.
 47693 | Vaults:2 | Received a gift from Nemelex Xobeh
 48817 | Vaults:2 | Received a gift from Nemelex Xobeh
 49232 | Vaults:3 | Noticed Frederick
 49340 | Vaults:3 | HP: 3/102 [Frederick/iron shot (37)]
 49341 | Vaults:3 | JacquesDerrida: D:
 49347 | Vaults:3 | Killed Frederick
 50842 | D:21     | You fall through a shaft!
 51320 | D:23     | Found a gateway to Hell.
 51619 | D:23     | Reached XP level 19. HP: 105/107 MP: 37/37
 51785 | Hell     | Entered the Vestibule of Hell
 51785 | Hell     | Noticed Geryon
 51818 | Hell     | Killed Geryon
 52442 | D:22     | Received a gift from Nemelex Xobeh
 52463 | D:22     | Reached skill level 5 in Charms
 52604 | D:22     | Found a glowing golden altar of the Shining One.
 52834 | D:20     | Learned a level 3 spell: Flight
 53356 | Trove    | Entered a treasure trove
 53362 | Trove    | Got a ring of the Octopus King
 53372 | Trove    | Identified a ring of the Octopus King {rC+ AC+1 EV+1 Str+1 Dex+1 Int+1} (You found it in a treasure trove)
 53377 | Trove    | Got a brightly glowing plate armour
 53378 | Trove    | Identified the +9 plate armour of Greilef {Stlth} (You found it in a treasure trove)
 53384 | Trove    | Received a gift from Nemelex Xobeh
 53911 | Vaults:3 | Found a white marble altar of Elyvilon.
 54255 | Vaults:3 | Noticed Saint Roka
 54418 | Vaults:3 | Noticed Wiglaf
 54863 | Vaults:3 | Killed Saint Roka
 55015 | Vaults:3 | Received a gift from Nemelex Xobeh
 55049 | Vaults:3 | Killed Wiglaf
 55069 | Vaults:3 | Received a gift from Nemelex Xobeh
 56594 | Vaults:2 | Paralysed by an ogre mage for 2 turns
 56926 | Vaults:2 | Received a gift from Nemelex Xobeh
 57773 | Vaults:4 | Received a gift from Nemelex Xobeh
 57856 | Vaults:4 | Noticed Boris
 58191 | Vaults:4 | Received a gift from Nemelex Xobeh
 58351 | Vaults:4 | Reached skill level 10 in Charms
 58388 | Vaults:4 | Found a flickering gateway to a bazaar.
 58394 | Bazaar   | Entered a bazaar
 58398 | Bazaar   | Found Adicoa's Gadget Boutique.
 58592 | Bazaar   | Found Hachoc's Magical Wand Emporium.
 58609 | Bazaar   | Found Khupraff's Book Boutique.
 58626 | Bazaar   | Found Amaab's Antique Weapon Shoppe.
 59058 | Vaults:4 | Received a gift from Nemelex Xobeh
 59095 | Vaults:4 | Upgraded the game from 0.13-a0-2350-g4422b0a to 0.13-a0-2355-g3ca5c6e
 59103 | Vaults:4 | Reached XP level 20. HP: 86/112 MP: 38/38
 59580 | Vaults:4 | Reached skill level 20 in Crossbows
 60115 | Vaults:4 | Shot with an arrow of flame by a vault warden

Action                   |  1- 3 |  4- 6 |  7- 9 | 10-12 | 13-15 | 16-18 | 19-21 || total
-------------------------+-------+-------+-------+-------+-------+-------+-------++-------
Melee: Short sword       |   115 |   209 |    10 |     4 |    10 |       |       ||   348
       Spear             |       |    10 |       |       |       |       |       ||    10
       Dagger            |       |       |       |  1438 |   261 |       |       ||  1699
       Scimitar          |       |       |       |       |   583 |    32 |       ||   615
       Sabre             |       |       |       |       |  1257 |  1733 |   506 ||  3496
       Demon blade       |       |       |       |       |       |       |     5 ||     5
 Fire: Crossbow          |    12 |    39 |       |   273 |   476 |   385 |   353 ||  1538
       Blowgun           |       |       |    10 |    97 |    12 |       |       ||   119
Throw: Dagger            |       |       |       |     1 |       |       |       ||     1
       Dart              |       |       |       |     1 |       |       |       ||     1
 Cast: Poison Weapon     |       |     2 |       |     3 |     5 |     1 |     2 ||    13
       Blink             |       |       |       |       |     1 |     3 |     1 ||     5
       Apportation       |       |       |       |       |       |       |     2 ||     2
Invok: Draw One          |       |       |       |    13 |    27 |    20 |    34 ||    94
       Triple Draw       |       |       |       |       |     5 |     2 |     3 ||    10
Evoke: Deck              |       |       |    12 |    29 |    47 |    17 |    15 ||   120
       Wand              |       |       |       |    24 |    13 |    11 |    10 ||    58
       Miscellaneous     |       |       |       |     1 |    10 |     5 |     5 ||    21
       Rod               |       |       |       |       |    11 |    14 |     9 ||    34
  Use: Scroll            |       |     1 |       |    34 |    23 |    19 |     7 ||    84
       Potion            |       |       |       |    10 |    13 |    10 |     9 ||    42
 Stab: Sleeping          |     2 |     2 |       |     7 |     8 |    62 |    18 ||    99
       Distracted        |       |       |       |     3 |     2 |     5 |     7 ||    17
       Invisible         |       |       |       |       |    10 |     9 |       ||    19
       Confused          |       |       |       |       |     2 |       |       ||     2
